[Event "Early-Titled-Tuesday-Blitz-April-23-2024"]
[Site "Chess.com"]
[Date "2024.04.23"]
[Round "2"]
[White "FXDon77"]
[Black "yobdc"]
[Result "1/2-1/2"]
[WhiteElo "2852"]
[BlackElo "2606"]
[TimeControl "180+1"]
[EndTime "8:17:21 PDT"]
[Termination "Game drawn by repetition"]

1. e4 c5 2. Nf3 a6 3. b3 e6 4. Bb2 d5 5. exd5 exd5 6. d4 Nf6 7. Be2 Nc6 8. O-O Be7 9. Nbd2 O-O 10. a3 Re8 11. dxc5 Bxc5 12. b4 Ba7 13. Nb3 Ne4 14. Nfd4 Qg5 15. Bf3 Ne5 16. Bc1 Qg6 17. Bf4 Nc3 18.
Qd2 Nxf3+ 19. Nxf3 Ne2+ 20. Kh1 Nxf4 21. Qxf4 Qxc2 22.
Nbd4 Qg6 23. Rfe1 Be6 24. Rac1 Rac8 25. Rxc8 Rxc8 26. h3 Bb8 27. Ne5 Qf6 28. Qxf6 gxf6 29.
Nd3 Rc3 30. Nc5 Be5 31. Nf3 Bc7 32. Nxb7 Rxa3 33. Nc5 a5 34. bxa5 Rxa5 35. Nxe6 fxe6 36. Rxe6 Ra1+ 37. Re1 Ra2 38. Rd1 Rxf2 39. Kg1 Bb6 40. Kh2 Bc7+ 41. Kg1 Bb6 42. Kh2 Bc7+ 43. Kg1 1/2-1/2

[Event "Early-Titled-Tuesday-Blitz-April-23-2024"]
[Site "Chess.com"]
[Date "2024.04.23"]
[Round "2"]
[White "YouShallNotPass001"]
[Black "vladislavkovalev"]
[Result "0-1"]
[WhiteElo "2434"]
[BlackElo "2850"]
[TimeControl "180+1"]
[EndTime "8:17:21 PDT"]
[Termination "vladislavkovalev won by resignation"]

1. e4 e5 2. Nf3 Nc6 3. Bb5 a6 4. Ba4 Nf6 5. d3 d6 6. O-O g6 7. c3 Bg7 8. Bc2 O-O 9. Nbd2 Re8 10. Re1 h6 11. Nf1 d5 12. h3 b6 13. Ng3 Bb7 14.
a4 a5 15. Bb3 Qd7 16. exd5 Nxd5 17. Bc4 Ba6 18. Qb3 Bxc4 19. dxc4 Nde7 20. c5 bxc5 21. Rd1 Qc8 22. Nd2 Nf5 23. Nde4 Nxg3 24. Nxg3 e4 25. Re1 Rb8 26. Qc4 Ne5 27. Qf1 f5 28. Be3 Nd3 29. Re2 c4 30. Qb1 c5 31. Qa2 Rb3 32. Nf1 Qe6 33.
Rb1 Reb8 34. Nd2 Rxb2 35. Rxb2 Rxb2 36. Qa3 Qd5 37. g3 g5 38. h4 gxh4 39. gxh4 f4 40. Bxf4 Nxf4 41. Rxe4 Rxd2 0-1

[Event "Early-Titled-Tuesday-Blitz-April-23-2024"]
[Site "Chess.com"]
[Date "2024.04.23"]
[Round "2"]
[White "FLYD"]
[Black "DanielNaroditsky"]
[Result "1/2-1/2"]
[WhiteElo "2012"]
[BlackElo "3023"]
[TimeControl "180+1"]
[EndTime "8:17:22 PDT"]
[Termination "Game drawn - insufficient material"]

1. e4 c5 2. Nf3 Nf6 3. e5 Nd5 4.
Nc3 e6 5. g3 Nc6 6. Bg2 Qc7 7.
Nxd5 exd5 8. O-O Be7 9. Re1 O-O 10. d4 d6 11. exd6 Bxd6 12. dxc5 Bxc5 13. Be3 Bxe3 14. Rxe3 Rd8 15. c3 Bg4 16. h3 Bh5 17. Qa4 h6 18. Rae1 Qb6 19. Qb3 Qc7 20. Ne5 d4 21. cxd4 Nxd4 22. Qxb7 Qxb7 23. Bxb7 Rab8 24.
Nc6 Nxc6 25. Bxc6 Rxb2 26. Re8+ Rxe8 27. Rxe8+ Kh7 28. a4 f5 29. Re7 a5 30. Re5 Rc2 31. Bg2 Bg6 32. Rxa5 Ra2 33. Ra8 Bf7 34. a5 Bc4 35.
Bb7 Ra1+ 36. Kg2 Bf1+ 37. Kf3 g5 38. Ke3 Bxh3 39. a6 Bf1 40. Rf8 Kg6 41. Rg8+ Kf7 42.
Ra8 Kg7 43. a7 h5 44. f4 h4 45. gxh4 gxh4 46. Kf2 Bb5 47. Bg2 Ra2+ 48. Ke3 Bd7 49. Kd4 Ra5 50. Bd5 h3 51. Rg8+ Kh6 52. a8=Q Rxa8 53.
Rxa8 Kh5 54. Ra1 Kg4 55. Ke5 h2 56. Rh1 Kg3 57. Be6 Bc6 58. Rxh2 Kxh2 59. Kxf5 Kg3 60. Ke5 Be8 61. f5 Kh4 62. f6 Kg5 63. f7 Bxf7 1/2-1/2

[Event "Early-Titled-Tuesday-Blitz-April-23-2024"]
[Site "Chess.com"]
[Date "2024.04.23"]
[Round "2"]
[White "LiadCuba"]
[Black "BenchGM"]
[Result "1-0"]
[WhiteElo "2534"]
[BlackElo "2286"]
[TimeControl "180+1"]
[EndTime "8:17:22 PDT"]
[Termination "LiadCuba won on time"]

1. d4 Nf6 2. c4 e6 3. Nc3 Bb4 4. f3 c5 5. d5 b5 6. e4 O-O 7.
Ne2 bxc4 8. Nf4 e5 9. Nh3 Ba6 10.
Bg5 h6 11. Bh4 Bxc3+ 12. bxc3 Qa5 13. Qd2 Ne8 14. g4 f6 15. Nf2 Nd6 16. Bg3 Re8 17. h4 Nb5 18. Rc1 d6 19. g5 Nd7 20.
gxh6 g6 21. Bh3 Nb6 22. Be6+ Kh8 23. Ng4 Rf8 24. h5 g5 25. Nxf6 Nxc3 26. O-O Qxa2 27. Rc2 Qa3 28. Qxg5 1-0

[Event "Early-Titled-Tuesday-Blitz-April-23-2024"]
[Site "Chess.com"]
[Date "2024.04.23"]
[Round "2"]
[White "Nemegejas"]
[Black "NajdorfPlayerc5"]
[Result "1-0"]
[WhiteElo "2808"]
[BlackElo "2430"]
[TimeControl "180+1"]
[EndTime "8:17:23 PDT"]
[Termination "Nemegejas won on time"]

1. d4 Nf6 2. Nf3 e6 3. e3 b6 4. Nbd2 Bb7 5. Bd3 d5 6. O-O Bd6 7. b3 O-O 8. Bb2 c5 9. Ne5 Nc6 10. a3 Qc7 11. f4 Ne7 12. Qe2 Ne4 13. Nxe4 dxe4 14. Bc4 Bd5 15. dxc5 Bxc5 16. b4 Bd6 17. Bxd5 exd5 18. Rac1 f6 19. Ng4 a6 20. c4 dxc4 21.
Rxc4 Qb7 22. Rd1 Rfd8 23. Nxf6+ gxf6 24. Bxf6 Kf7 25. Bg5 Kg8 26. Rcd4 1-0

[Event "Early-Titled-Tuesday-Blitz-April-23-2024"]
[Site "Chess.com"]
[Date "2024.04.23"]
[Round "2"]
[White "toninhojit"]
[Black "ClauSanLuis"]
[Result "1-0"]
[WhiteElo "2557"]
[BlackElo "2322"]
[TimeControl "180+1"]
[EndTime "8:17:23 PDT"]
[Termination "toninhojit won by resignation"]

1. d4 Nf6 2. c4 e6 3. Nf3 c5 4. e3 d5 5. a3 Nc6 6. Nc3 Be7 7. dxc5 dxc4 8. Qxd8+ Nxd8 9. Bxc4 Bxc5 10. b4 Bb6 11. Bb2 Bd7 12. Ne5 Rc8 13. Nxd7 Rxc4 14.
Nxb6 axb6 15. Ke2 Nc6 16. Rac1 Ke7 17. Nb5 Rxc1 18. Rxc1 Rd8 19. Nd4 Rd6 20. Nb5 Rd7 21. f3 g6 22. g3 Nd5 23. e4 Nc7 24. Nxc7 Rxc7 25. Ke3 b5 26. Rc5 b6 27. Rxb5 Rb7 28.
Bd4 Nxd4 29. Kxd4 Ra7 30. Rxb6 Rxa3 31. f4 f6 32. Rb7+ Kd6 33. Rxh7 e5+ 34. fxe5+ fxe5+ 35. Kc4 Ra2 36. Kb5 Ra1 37. Rh6 Kc7 38. Rxg6 1-0

[Event "Early-Titled-Tuesday-Blitz-April-23-2024"]
[Site "Chess.com"]
[Date "2024.04.23"]
[Round "2"]
[White "Valio_M1948"]
[Black "Casablanca"]
[Result "0-1"]
[WhiteElo "2371"]
[BlackElo "2628"]
[TimeControl "180+1"]
[EndTime "8:17:24 PDT"]
[Termination "Casablanca won by resignation"]

1. b3 e5 2. Bb2 Nc6 3. e3 Nf6 4. Bb5 a6 5. Bxc6 dxc6 6. Bxe5 Be7 7. Nf3 O-O 8. O-O Re8 9. c4 c5 10. Nc3 Bf5 11. Re1 c6 12. e4 Bg4 13. d3 Be6 14.
Ng5 Bg4 15. f3 Bh5 16. Nh3 Bd6 17. Bxd6 Qxd6 18. Qd2 Rad8 19. Rad1 Bg6 20. f4 Bxe4 21. Nxe4 Nxe4 22. Qb2 Nf6 23. Re5 Nd7 24. Ree1 Nf8 25. Qf2 Ne6 26. Re5 f6 27. Re4 Nd4 28. Rde1 Qd7 29.
Qe3 Kf8 30. Nf2 b5 31. Qc1 b4 32. Qe3 a5 33. Rxe8+ Rxe8 34. Ne4 Qg4 35. Qf2 h5 36. Nxc5 Nf3+ 37. Qxf3 Rxe1+ 38. Kf2 Qxf3+ 39. Kxf3 Ra1 40. Nd7+ Ke7 41. Nb8 Kd6 42. d4 Rxa2 43. g3 a4 0-1

[Event "Early-Titled-Tuesday-Blitz-April-23-2024"]
[Site "Chess.com"]
[Date "2024.04.23"]
[Round "2"]
[White "Slovineanu"]
[Black "LamaChampetre"]
[Result "1-0"]
[WhiteElo "2503"]
[BlackElo "2216"]
[TimeControl "180+1"]
[EndTime "8:17:24 PDT"]
[Termination "Slovineanu won on time"]

1. d4 Nf6 2. Nf3 g6 3. Nbd2 d5 4. e3 Bg7 5. b4 O-O 6. c4 a5 7. b5 Ne4 8. cxd5 Nc3 9. Qb3 Nxd5 10. a4 c5 11. bxc6 Nxc6 12. Bb5 Be6 13. Ng5 Bc8 14.
Nge4 e5 15. Ba3 Be6 16. Bxf8 Qxf8 17. Nc5 exd4 18. Nxe6 fxe6 19. e4 Nf4 20. O-O Qf6 21. Rac1 d3 22. Bxd3 Ne5 23. Bb5 Qg5 24. g3 Ng4 25.
gxf4 Qxf4 26. Qg3 1-0

[Event "Early-Titled-Tuesday-Blitz-April-23-2024"]
[Site "Chess.com"]
[Date "2024.04.23"]
[Round "2"]
[White "ReinisUz"]
[Black "Elegance_Riks"]
[Result "0-1"]
[WhiteElo "2464"]
[BlackElo "2763"]
[TimeControl "180+1"]
[EndTime "8:17:25 PDT"]
[Termination "Elegance_Riks won by resignation"]

1. c4 g6 2. Nc3 Bg7 3. g3 d6 4. Bg2 Nf6 5. Nf3 O-O 6. O-O e5 7. d3 a5 8. Rb1 h6 9. a3 Nc6 10.
b4 axb4 11. axb4 Ne7 12. Nd2 d5 13. Bb2 d4 14. Nce4 Nxe4 15. dxe4 Be6 16. b5 Qd7 17. Qb3 Nc8 18. Ra1 Nd6 19. Rxa8 Rxa8 20. Ra1 Rxa1+ 21.
Bxa1 b6 22. Qa4 Kh7 23. Bb2 h5 24. f4 Bh6 25. Nf3 Nxc4 26. Bc1 d3 27. Qd1 d2 28. Nxd2 exf4 29. Qc2 Ne3 30. Qd3 fxg3 31. hxg3 Nxg2 32. Kxg2 Qxd3 33. exd3 Bd7 34. Nb3 Bxb5 35. Bxh6 Kxh6 36. Nc1 g5 37. Kf3 c5 38. Ke3 Kg6 39. Ne2 f5 40.
Nc3 Bc6 41. exf5+ Kxf5 42. Ne2 h4 0-1

[Event "Early-Titled-Tuesday-Blitz-April-23-2024"]
[Site "Chess.com"]
[Date "2024.04.23"]
[Round "2"]
[White "Harry_Rakkel"]
[Black "N_I_Chess"]
[Result "1-0"]
[WhiteElo "2696"]
[BlackElo "2395"]
[TimeControl "180+1"]
[EndTime "8:17:25 PDT"]
[Termination "Harry_Rakkel won on time"]

1. Nf3 Nf6 2. g3 d5 3. Bg2 Bg4 4. O-O e6 5. d3 Be7 6. Nbd2 O-O 7. h3 Bh5 8. e4 c5 9. Qe2 Nc6 10. g4 Bg6 11. e5 Nd7 12. Re1 Qc7 13. Nf1 Rac8 14.
Bf4 Nd4 15. Nxd4 cxd4 16. Rac1 Qb6 17. b3 Ba3 18. h4 Bxc1 19. Rxc1 h6 20. h5 Bh7 21. g5 hxg5 22. Bxg5 Rc6 23. Nh2 Rfc8 24. h6 Qc7 25. hxg7 Qxe5 26. Qh5 Qxg7 27. Ng4 Bg6 28. Qh4 e5 29. Bxd5 Rd6 30. Nh6+ Kf8 31. Be7+ Ke8 32. Bxd6 Nf6 33. Bg2 e4 34. dxe4 Rd8 35. e5 1-0

[Event "Early-Titled-Tuesday-Blitz-April-23-2024"]
[Site "Chess.com"]
[Date "2024.04.23"]
[Round "2"]
[White "chesslh93"]
[Black "manitodeplomo"]
[Result "0-1"]
[WhiteElo "2384"]
[BlackElo "2643"]
[TimeControl "180+1"]
[EndTime "8:17:26 PDT"]
[Termination "manitodeplomo won by resignation"]

1. e4 Nf6 2. e5 Nd5 3. d4 d6 4.
Nf3 Bg4 5. Be2 c6 6. exd6 exd6 7.
O-O Be7 8. c4 Nb6 9. b3 O-O 10.
Nc3 d5 11. c5 N6d7 12. Be3 Bf6 13. b4 Re8 14. h3 Bh5 15. Qb3 Nf8 16. Rfe1 Ne6 17. Red1 Nd7 18. Rac1 Qc7 19. Ne1 Bxe2 20. Nxe2 g6 21. Nd3 Ndf8 22. a3 Ng7 23. Bf4 Qd7 24. Be5 Bg5 25. Bxg7 Kxg7 26. Rc2 f6 27. Ng3 Re7 28.
Re2 Rae8 29. Rde1 h5 30. Rxe7+ Rxe7 31. Rxe7+ Qxe7 32. Qd1 h4 33. Nf1 Qe4 34. Nc1 Bxc1 35. Qxc1 Ne6 36. b5 Nxd4 37. bxc6 Ne2+ 38. Kh2 Nxc1 39.
cxb7 Qe5+ 40. g3 hxg3+ 41. fxg3 Nd3 42. Kg2 Nxc5 43. Nd2 0-1

[Event "Early-Titled-Tuesday-Blitz-April-23-2024"]
[Site "Chess.com"]
[Date "2024.04.23"]
[Round "2"]
[White "Iskusnyh"]
[Black "sergoy"]
[Result "0-1"]
[WhiteElo "2620"]
[BlackElo "2928"]
[TimeControl "180+1"]
[EndTime "8:17:31 PDT"]
[Termination "sergoy won on time"]

1. d4 d5 2. c4 c6 3. Nf3 Nf6 4. e3 Bf5 5. Nc3 e6 6. Nh4 Be4 7. f3 Bg6 8. Bd2 Be7 9. Nxg6 hxg6 10. Qc2 Nbd7 11. O-O-O dxc4 12. Bxc4 b5 13. Be2 a6 14. e4 Rc8 15. Kb1 c5 16. d5 exd5 17. exd5 O-O 18. Bc1 Bd6 19. g4 b4 20. Ne4 Nxe4 21. fxe4 c4 22. h4 Ne5 23. Rh3 a5 24. g5 b3 25.
axb3 cxb3 26. Qxb3 Rb8 27. Qa4 Rb4 28. Qc2 Qd7 29. Rc3 Rfb8 30. h5 gxh5 31. Bxh5 a4 32. Ka1 Rb3 33. g6 fxg6 34. Be2 Qb7 35. Rh1 Rxc3 36.
Qxc3 a3 37. b3 Qxb3 38. Qxb3 Rxb3 39. Ba6 Rc3 40. Bg5 Nf3 41. Bd2 Nxd2 0-1

[Event "Early-Titled-Tuesday-Blitz-April-23-2024"]
[Site "Chess.com"]
[Date "2024.04.23"]
[Round "2"]
[White "KubaGepard"]
[Black "maciek_92"]
[Result "1-0"]
[WhiteElo "2600"]
[BlackElo "2838"]
[TimeControl "180+1"]
[EndTime "8:17:31 PDT"]
[Termination "KubaGepard won by resignation"]

1. d4 f5 2. Nf3 Nf6 3. g3 g6 4. Bg2 Bg7 5. O-O O-O 6. b3 d6 7. Bb2 a5 8. Nbd2 a4 9. c4 Nbd7 10. d5 e5 11. dxe6 Nc5 12. Nd4 c6 13. Re1 Nfe4 14. Nxe4 fxe4 15. b4 a3 16. Bc3 Na4 17. Nxc6 b5 18. Nxd8 Nxc3 19. e7 Nxd1 20. exf8=Q+ Kxf8 21. Raxd1 bxc4 22. Bxe4 Ra6 23. Nc6 Bc3 24. Rf1 Bh3 25.
Rc1 Bd2 26. Rxc4 Bxf1 27. Kxf1 Ke8 28. b5 Rb6 29. Nd4 d5 30. Bxd5 Rd6 31. e4 Ba5 32.
Ra4 Bb6 33. Nc6 g5 34. Rxa3 g4 35. Ra8+ Kd7 36. Ne5+ Kc7 37. Nxg4 h5 38. Ne5 h4 39. gxh4 Rh6 40. Nf3 Rf6 41. Kg2 Rg6+ 42. Ng5 Rh6 43. Kg3 Rf6 44. f4 Be3 45. f5 Rb6 46. Ra7+ Kd6 47.
Rb7 Ke5 48. Rxb6 Bxb6 49. Kg4 1-0

[Event "Early-Titled-Tuesday-Blitz-April-23-2024"]
[Site "Chess.com"]
[Date "2024.04.23"]
[Round "2"]
[White "lupta_robin"]
[Black "Kobalia"]
[Result "1/2-1/2"]
[WhiteElo "2570"]
[BlackElo "2813"]
[TimeControl "180+1"]
[EndTime "8:17:31 PDT"]
[Termination "Game drawn by repetition"]

1. b3 e5 2. Bb2 Nc6 3. e3 g6 4. Nf3 Bg7 5. d4 exd4 6. Nxd4 Nxd4 7. Bxd4 Bxd4 8. Qxd4 Qf6 9. c3 d6 10. Nd2 Bf5 11.
Be2 c5 12. Qxf6 Nxf6 13. f3 d5 14. Kf2 Ke7 15. g4 Be6 16. c4 Rhd8 17. cxd5 Nxd5 18. Ne4 b6 19. Rhd1 Nb4 20. Nc3 f6 21. f4 Rac8 22. Rac1 Rxd1 23. Rxd1 c4 24. bxc4 Bxc4 25. Rd4 Nxa2 26.
Nxa2 Bxa2 27. Ra4 Rc2 28. Rxa7+ Kd6 29. Ke1 b5 30. Bxb5 Rxh2 31. Be2 Be6 32. Ra6+ Ke7 33.
Ra7+ Kd6 34. Ra6+ Ke7 35. Ra7+ Kd6 1/2-1/2

[Event "Early-Titled-Tuesday-Blitz-April-23-2024"]
[Site "Chess.com"]
[Date "2024.04.23"]
[Round "2"]
[White "AradNazari"]
[Black "NovakRatko"]
[Result "1-0"]
[WhiteElo "2721"]
[BlackElo "2374"]
[TimeControl "180+1"]
[EndTime "8:17:31 PDT"]
[Termination "AradNazari won by checkmate"]

1. e4 d5 2. exd5 c6 3. dxc6 Nxc6 4. Nf3 e5 5. Nc3 Bd6 6. Bb5 Ne7 7. d4 exd4 8. Nxd4 O-O 9. Nxc6 Nxc6 10. O-O Qc7 11.
h3 Bf5 12. Bd3 Bxd3 13. Qxd3 Nb4 14. Qd1 Bh2+ 15. Kh1 Rad8 16. Qe2 Be5 17. Bg5 f6 18. Be3 Bxc3 19. bxc3 Qxc3 20. Bxa7 Qxc2 21. Qb5 Nc6 22. Be3 Rd7 23. a4 Ra8 24. a5 Qd3 25. Qh5 g6 26. Qf3 Ne5 27. Qxf6 Qf5 28. Qxf5 gxf5 29. Rfc1 Kf7 30. Rc5 Kf6 31. Rb1 Nc6 32. Rbb5 Ne7 33. h4 Ke6 34. Re5+ Kd6 35. Bf4 Kc6 36. Rec5# 1-0

[Event "Early-Titled-Tuesday-Blitz-April-23-2024"]
[Site "Chess.com"]
[Date "2024.04.23"]
[Round "2"]
[White "Shiner22"]
[Black "luckyswitchback"]
[Result "0-1"]
[WhiteElo "2329"]
[BlackElo "2706"]
[TimeControl "180+1"]
[EndTime "8:17:31 PDT"]
[Termination "luckyswitchback won on time"]

1. e4 e5 2. Nf3 Nc6 3. Bc4 Nf6 4. d4 exd4 5. O-O Nxe4 6. Re1 d5 7. Bxd5 Qxd5 8.
Nc3 Qa5 9. Nxe4 Be6 10. Neg5 O-O-O 11. Nxe6 fxe6 12. Rxe6 Be7 13. Ne5 Nxe5 14. Rxe7 Rhe8 15. Bd2 Qd5 16. Rxg7 d3 17. cxd3 Qxd3 18. Qc1 Rd7 19. Rxd7 Qxd7 20. Bc3 Nf3+ 21. Kh1 Qf5 22. Qd1 Nh4 23.
Qd4 Qg5 24. g3 Nf3 25. Qxa7 Qd5 26. Qa8+ Kd7 27. Qa4+ b5 28. Qg4+ Kc6 0-1

[Event "Early-Titled-Tuesday-Blitz-April-23-2024"]
[Site "Chess.com"]
[Date "2024.04.23"]
[Round "2"]
[White "AljoschaFeuerstack"]
[Black "ChessboArt"]
[Result "1-0"]
[WhiteElo "2617"]
[BlackElo "2313"]
[TimeControl "180+1"]
[EndTime "8:17:32 PDT"]
[Termination "AljoschaFeuerstack won on time"]

1. e4 c6 2. d3 d5 3. Nd2 g6 4. Ngf3 Bg7 5. g3 Nf6 6. e5 Nfd7 7. d4 c5 8. c3 b6 9. Bg2 Ba6 10. c4 cxd4 11. Nxd4 Nxe5 12. Bxd5 Nbd7 13. O-O Rc8 14. Qa4 Nxc4 15. Nxc4 Bxc4 16. Bxc4 Bxd4 17. Rd1 e5 18. Be3 O-O 19. Bxd4 exd4 20. Rxd4 Nc5 21. Qb4 Qxd4 22. Bxf7+ Rxf7 23. Qxd4 Rcf8 24. Re1 Rxf2 25. Qd5+ R2f7 26. b4 Nd7 27. Re7 Nf6 28. Qe6 Kg7 29. g4 h6 30.
h4 g5 31. Rxf7+ Rxf7 32. hxg5 hxg5 33. Qe5 Kg6 34. Qf5+ Kh6 35. Qe6 Kg6 36. Qf5+ Kh6 37. a4 1-0

[Event "Early-Titled-Tuesday-Blitz-April-23-2024"]
[Site "Chess.com"]
[Date "2024.04.23"]
[Round "2"]
[White "hongnhung1234"]
[Black "kekic76"]
[Result "1-0"]
[WhiteElo "2557"]
[BlackElo "2330"]
[TimeControl "180+1"]
[EndTime "8:17:32 PDT"]
[Termination "hongnhung1234 won by resignation"]

1. e4 c6 2. d4 d5 3. Nc3 dxe4 4. Nxe4 Bf5 5. Ng3 Bg6 6. h4 h6 7.
N1e2 Nf6 8. Nf4 Bh7 9. Bd3 Bxd3 10. Qxd3 Nbd7 11. Bd2 Qc7 12. O-O-O O-O-O 13. Kb1 e6 14. Qf3 Bd6 15. Rhe1 Rhf8 16. Ngh5 Nxh5 17. Nxh5 g6 18.
Nf6 Nxf6 19. Qxf6 Be7 20. Qf3 h5 21. g3 Rxd4 22. Be3 Rxd1+ 23. Rxd1 a6 24. Bf4 Qb6 25. Bh6 Rd8 26. Rxd8+ Qxd8 27. Qxf7 Qd6 28. a3 e5 29. Qf3 Qf6 30. Qb3 Qxf2 31. Qe6+ Kd8 32. Qxg6 Qe1+ 33. Ka2 Qd1 34. Bg5 Qd5+ 35. b3 Qd7 36. Qxh5 Bxg5 37. Qxg5+ Qe7 38. Qxe7+ Kxe7 39. Kb2 Ke6 40. Kc3 e4 41.
Kd4 Kf5 42. Ke3 c5 43. h5 b5 44. g4+ Kg5 45. Kxe4 1-0

[Event "Early-Titled-Tuesday-Blitz-April-23-2024"]
[Site "Chess.com"]
[Date "2024.04.23"]
[Round "2"]
[White "PawnEatingZombie"]
[Black "GlennTipton"]
[Result "0-1"]
[WhiteElo "2234"]
[BlackElo "2509"]
[TimeControl "180+1"]
[EndTime "8:17:33 PDT"]
[Termination "GlennTipton won by checkmate"]

1. e4 c5 2. c3 Nf6 3. e5 Nd5 4. Nf3 Nc6 5. Bc4 Nb6 6. Bb3 d5 7. exd6 e6 8. O-O Bxd6 9. d4 cxd4 10. cxd4 O-O 11. Nc3 e5 12. d5 Ne7 13. Re1 f6 14. Nb5 Nf5 15. g4 a6 16. Nxd6 Nxd6 17.
h3 h5 18. Nh4 hxg4 19. hxg4 Nbc4 20. Ng6 Re8 21. Qd3 Qd7 22. f3 e4 23. Qd4 exf3 24.
Rxe8+ Qxe8 25. Bxc4 Qxg6 26. g5 Qc2 27. Bb3 Qg2# 0-1

[Event "Early-Titled-Tuesday-Blitz-April-23-2024"]
[Site "Chess.com"]
[Date "2024.04.23"]
[Round "2"]
[White "Agibileg"]
[Black "B_nn_t"]
[Result "1-0"]
[WhiteElo "2813"]
[BlackElo "2557"]
[TimeControl "180+1"]
[EndTime "8:17:34 PDT"]
[Termination "Agibileg won by resignation"]

1. d4 Nf6 2. c4 e6 3. Nc3 Bb4 4. e3 O-O 5. Bd3 d5 6. a3 Be7 7.
Nge2 dxc4 8. Bxc4 b6 9. O-O Bb7 10. Ng3 c5 11. dxc5 Bxc5 12. b4 Be7 13. Bb2 Nbd7 14.
Qe2 Rc8 15. Rac1 Ne5 16. Rfd1 Qc7 17. Ba2 Qb8 18. f4 Ned7 19. Kh1 Rfd8 20. f5 e5 21. e4 a5 22. Qb5 Bc6 23. Qe2 Bb7 24. Nh5 axb4 25. axb4 Bxb4 26. Rxd7 Nxd7 27. Qg4 Bf8 28. Rf1 Qa8 29. Nxg7 Rxc3 30. Nh5+ Kh8 31. Bxf7 Bh6 32. Bxc3 Qa6 33. Rd1 Qc4 34. Bxc4 1-0

[Event "Early-Titled-Tuesday-Blitz-April-23-2024"]
[Site "Chess.com"]
[Date "2024.04.23"]
[Round "2"]
[White "Mackster23"]
[Black "sokidze"]
[Result "1-0"]
[WhiteElo "2580"]
[BlackElo "2812"]
[TimeControl "180+1"]
[EndTime "8:17:35 PDT"]
[Termination "Mackster23 won by resignation"]

1. e4 c5 2. Nf3 e6 3. d4 cxd4 4. Nxd4 Nc6 5. Nc3 Qc7 6. Be3 a6 7. g4 b5 8. Nxc6 Qxc6 9. Qd2 Nf6 10. f3 d6 11. g5 Nd7 12. O-O-O Bb7 13. Rg1 Ne5 14.
Rg3 Rc8 15. f4 Nc4 16. Bxc4 Qxc4 17. a3 Bxe4 18. Nxe4 Qxe4 19. Bd4 Kd7 20. Bxg7 Rxc2+ 21. Qxc2 Qxc2+ 22. Kxc2 Bxg7 23. f5 Rc8+ 24. Kb1 Rc5 25. f6 Bf8 26. Rdg1 h5 27. Rh3 Rf5 28. Rxh5 d5 29. Rh7 Ke8 30. h4 Bc5 31. Rg2 d4 32. h5 d3 33. g6 fxg6 34. hxg6 Rf1+ 35. Ka2 Rxf6 36. g7 1-0

[Event "Early-Titled-Tuesday-Blitz-April-23-2024"]
[Site "Chess.com"]
[Date "2024.04.23"]
[Round "2"]
[White "mapleaff"]
[Black "rhungaski"]
[Result "1-0"]
[WhiteElo "2269"]
[BlackElo "2502"]
[TimeControl "180+1"]
[EndTime "8:17:35 PDT"]
[Termination "mapleaff won on time"]

1. d4 d5 2. Bf4 Nf6 3. Nf3 c5 4. e3 Nc6 5. Nbd2 Nh5 6. Bg5 h6 7. Bh4 g5 8. Bg3 Nxg3 9. hxg3 Bg7 10. c3 Qb6 11. Qb3 c4 12. Qc2 f5 13. b3 cxb3 14. axb3 Bd7 15. Bd3 e6 16. b4 Rc8 17. Qb2 a6 18.
Nb3 Na7 19. Qd2 Bb5 20. Nc5 Bxd3 21. Qxd3 g4 22. Nh4 Kf7 23. O-O Rhd8 24. f3 gxf3 25.
Rxf3 Kg8 26. g4 fxg4 27. Rg3 e5 28. Rxg4 e4 29. Qe2 Qf6 30. Rf1 1-0

[Event "Early-Titled-Tuesday-Blitz-April-23-2024"]
[Site "Chess.com"]
[Date "2024.04.23"]
[Round "2"]
[White "semchik90"]
[Black "Tagir45"]
[Result "0-1"]
[WhiteElo "2374"]
[BlackElo "2643"]
[TimeControl "180+1"]
[EndTime "8:17:37 PDT"]
[Termination "Tagir45 won by checkmate"]

1. Nf3 d5 2. c4 d4 3. e3 Nc6 4. b4 dxe3 5. fxe3 Nxb4 6. d4 e6 7. a3 Nc6 8. Bd3 Nf6 9. O-O Be7 10.
Nc3 O-O 11. d5 exd5 12. cxd5 Na5 13. e4 c6 14. Bg5 cxd5 15. e5 Ne4 16. Bxe7 Qxe7 17.
Nxe4 dxe4 18. Bxe4 Bg4 19. Qa4 Bxf3 20. Rxf3 Qxe5 21. Raf1 Rae8 22. Rxf7 Rxf7 23. Bd5 Kh8 24. Bxf7 Rd8 25. Ba2 Nc6 26. h3 g6 27. Kh1 Qe2 28.
Rb1 Qxa2 29. Rxb7 Qa1+ 30. Kh2 Qe5+ 31. Kh1 Rf8 32. Qxc6 Rf1# 0-1

[Event "Early-Titled-Tuesday-Blitz-April-23-2024"]
[Site "Chess.com"]
[Date "2024.04.23"]
[Round "2"]
[White "DrVelja"]
[Black "ViralduS"]
[Result "1-0"]
[WhiteElo "3006"]
[BlackElo "2641"]
[TimeControl "180+1"]
[EndTime "8:17:38 PDT"]
[Termination "DrVelja won on time"]

1. e4 d6 2. d4 Nf6 3. Nc3 g6 4. Be3 c6 5. Qd2 Nbd7 6. a4 a5 7. Nf3 h6 8. O-O-O Nb6 9. h3 Bg7 10. g4 Qc7 11. Kb1 h5 12. g5 Nfd7 13. Nh4 d5 14. f4 dxe4 15. f5 Nf8 16. f6 exf6 17.
Bf4 Qd8 18. Nxe4 Ne6 19. gxf6 Bf8 20. Nf3 Nd5 21. Be5 b6 22. Re1 Bh6 23. Qf2 O-O 24. Rg1 Kh7 25. Bd3 Ba6 26. Bxa6 Rxa6 27. Nh4 Rg8 28. Qf3 b5 29. Nd6 Ra7 30. Qe4 bxa4 31. Nxf7 Rxf7 32. Rxg6 Rxg6 33. Qxg6+ Kh8 34. Qxf7 Nf8 35.
Rg1 1-0

[Event "Early-Titled-Tuesday-Blitz-April-23-2024"]
[Site "Chess.com"]
[Date "2024.04.23"]
[Round "2"]
[White "Shtembuliak"]
[Black "AlexanderKing"]
[Result "1-0"]
[WhiteElo "2854"]
[BlackElo "2586"]
[TimeControl "180+1"]
[EndTime "8:17:38 PDT"]
[Termination "Shtembuliak won on time"]

1. c4 e6 2. Nc3 d5 3. d4 c5 4. e3 Nf6 5. Nf3 a6 6. cxd5 exd5 7. Be2 c4 8. a4 Bb4 9. O-O O-O 10. Na2 Bd6 11. Nc3 Nc6 12. b3 Bb4 13.
Bb2 Qa5 14. Qc2 Bf5 15. Qxf5 Bxc3 16. Bxc3 Qxc3 17. bxc4 dxc4 18. Rfc1 Qa5 19. Qxa5 Nxa5 20. Bxc4 Ne4 21. Bd5 Nd6 22. Ne5 Rfd8 23. Rc7 Kf8 24. Bxf7 Rac8 25. Rac1 Rxc7 26. Rxc7 b5 27. axb5 Nxb5 28.
Rc1 Nb7 29. Ba2 N7d6 30. g4 a5 31. Rc6 a4 32. Ra6 a3 33. Nc4 Rc8 34. Nxd6 Nxd6 35.
Rxd6 Rc2 36. Bd5 a2 37. Bxa2 Rxa2 38. Rd7 h6 39. h4 Kg8 40. h5 Kh7 41. Kg2 Rc2 42.
Kf3 Rb2 43. d5 Rd2 44. e4 Kg8 45. Ke3 Rd1 46. f3 Kf8 47. Kf4 Kg8 48. Kf5 Kh7 49. f4 Rd4 50. e5 Ra4 51. d6 Ra8 52. e6 Ra5+ 53. Ke4 Ra4+ 54. Kd5 Rxf4 55. e7 Rxg4 56.
Rd8 Rg5+ 57. Ke6 1-0

[Event "Early-Titled-Tuesday-Blitz-April-23-2024"]
[Site "Chess.com"]
[Date "2024.04.23"]
[Round "2"]
[White "Aygehovit1992"]
[Black "stasOR4ik"]
[Result "1-0"]
[WhiteElo "2736"]
[BlackElo "2427"]
[TimeControl "180+1"]
[EndTime "8:17:38 PDT"]
[Termination "Aygehovit1992 won by resignation"]

1. e4 c6 2. Nc3 d5 3. Nf3 dxe4 4. Nxe4 Nf6 5. Qe2 Nxe4 6. Qxe4 Qd5 7. Qf4 Qf5 8. Qe3 Qxc2 9. Bd3 Qa4 10. O-O Nd7 11. b3 Qg4 12. Bb2 e6 13. Rac1 Nf6 14. Ne5 Qh5 15. Be2 Qh4 16. Rc4 Qh6 17. Qxh6 gxh6 18. Ng4 Nxg4 19. Bxh8 h5 20. h3 Nh6 21.
Bxh5 Bd7 22. g4 O-O-O 23. g5 Nf5 24. Bxf7 Bd6 25. Bf6 Rf8 26. Bh5 h6 27. f4 Ng3 28.
Bg4 Nxf1 29. Kxf1 hxg5 30. fxg5 Be5 31. Kg2 Bxf6 32. gxf6 Rxf6 33. h4 e5 34. h5 Rh6 35.
Kg3 Kc7 36. Bxd7 Kxd7 37. Kg4 Ke6 38. Kg5 Rh8 39. h6 Rg8+ 40. Kh5 Rh8 41. Rg4 Kf5 42. Rg7 b5 43. Rxa7 Ke4 44. Kg6 Kd3 45. Rd7+ Kc2 46. h7 Kb2 47. Kg7 Rxh7+ 48. Kxh7 Kxa2 49. Rd3 Kb2 50. Kg6 Kc2 51. Rc3+ Kxd2 52. Rxc6 e4 53. Rc5 e3 54. Rxb5 e2 55. Rd5+ Kc3 56. Re5 Kd2 57.
Rxe2+ Kxe2 58. b4 1-0